 Dungeon Crawl Stone Soup version 0.30-a0-272-gf98c3da03f (webtiles) character file.

Game seed: 12443805122028104205

678 koil the Sneak (level 7, 0/35 HPs)
             Began as a Spriggan Enchanter on Oct 16, 2022.
             Was a Follower of Dithmenos.
             Slain by an orc
             ... wielding a +0 falchion
              (6 damage)
             ... on level 4 of the Dungeon.
             The game lasted 00:14:47 (3752 turns).

koil the Sneak (Spriggan Enchanter)                 Turns: 3752, Time: 00:14:47

Health: 0/35       AC:  2    Str:  4    XL:     7   Next: 34%
Magic:  7/15       EV: 19    Int: 17    God:    Dithmenos [*.....]
Gold:   150        SH:  5    Dex: 17    Spells: 10/15 levels left

rFire   . . .      SeeInvis +    a - +1 dagger
rCold   . . .      Faith    .    (no shield)
rNeg    + . .      Spirit   .    b - +0 robe
rPois   +          Reflect  +    (helmet restricted)
rElec   .          Harm     .    (no cloak)
rCorr   .          Rampage  .    (gloves unavailable)
Will    +....                    (boots unavailable)
Stlth   ++++......               v - amulet of reflection
HPRegen 0.25/turn                l - ring of poison resistance
MPRegen 0.14/turn                p - ring of positive energy

@: wreathed by umbra, very quick
A: very small, no large weapons, unfitting armour, see invisible, speed 3
a: Renounce Religion


You were on level 4 of the Dungeon.
You worshipped Dithmenos.
Dithmenos was aware of your devotion.
You visited 1 branch of the dungeon, and saw 5 of its levels.

You collected 150 gold pieces.

Inventory:

Hand Weapons
 a - a +1 dagger (weapon)
 u - a +0 flail of protection
 w - a +2 war axe
Missiles
 x - a throwing net (quivered)
 z - 6 poisoned darts
Armour
 b - a +0 robe (worn)
Jewellery
 l - a ring of poison resistance (left hand)
 o - an amulet of the acrobat
 p - a ring of positive energy (right hand)
 v - an amulet of reflection (around neck)
Scrolls
 e - 6 scrolls of identify {unknown}
 f - a scroll of fog {unknown}
 h - a scroll of enchant armour {unknown}
 i - 2 scrolls of fear {unknown}
 j - 3 scrolls of teleportation {unknown}
 m - 2 scrolls of poison {unknown}
 q - a scroll of vulnerability {unknown}
 y - a scroll of summoning {unknown}
Potions
 c - 4 potions of invisibility
 d - a potion of lignification {unknown}
 g - 3 potions of heal wounds {unknown}
 k - 4 potions of haste {unknown}
 n - 2 potions of mutation {unknown}
 r - 3 potions of brilliance {unknown}
 s - a potion of attraction {unknown}
 t - a potion of flight {unknown}


   Skills:
 + Level 2.3 Fighting
 + Level 3.7 Short Blades
 + Level 5.0 Dodging
 + Level 6.9 Stealth
 + Level 4.7 Spellcasting
 + Level 5.2 Hexes


You had 10 spell levels left.
You knew the following spells:

 Your Spells              Type           Power      Damage    Failure   Level
a - Ensorcelled Hibernat  Hex/Ice        24%        N/A       8%          2
b - Confusing Touch       Hex            21%        N/A       5%          3

Your spell library contained the following spells:

 Spells                   Type           Power      Damage    Failure   Level
 Tukima's Dance           Hex            21%        N/A       5%          3
 Dazzling Flash           Conj/Hex       24%        N/A       16%         3
 Passwall                 Tmut/Erth      3%         N/A       22%         2
 Swiftness                Air            4%         N/A       41%         3


Dungeon Overview and Level Annotations

Branches:
Dungeon (5/15)             Temple (0/1) D:5

Altars:
Dithmenos
Elyvilon
Fedhas
Wu Jian
Yredelemnul


Innate Abilities, Weirdness & Mutations

You are very small and have problems with some larger weapons.
You are too small for most types of armour.
You have supernaturally acute eyesight. (SInv)
You cover ground extremely quickly. (Speed+++)


Message History

Confirm with . or Enter, or press ? or * to list all spells.
Aiming: Ensorcelled Hibernation (safe; 8% risk of failure)
Press: ? - help, Shift-Dir - straight line, f/p - orc priest
Aim: an orc priest, wielding a +0 hand axe and wearing a +0 chain mail (umbra, chance to affect: 46%)
The orc priest looks drowsy...
The orc wizard closely misses you.
The helpless orc priest fails to defend itself.
You impale the orc priest!!
You kill the orc priest!
Dithmenos accepts your kill.
The orc wizard mumbles some strange words.
The orc wizard flickers and vanishes for a moment.
Casting: Ensorcelled Hibernation (safe; 8% risk of failure)
Confirm with . or Enter, or press ? or * to list all spells.
Aiming: Ensorcelled Hibernation (safe; 8% risk of failure)
Press: ? - help, Shift-Dir - straight line, f - orc priest
Aim: an orc priest, wielding a +0 flail and wearing a +0 leather armour (chance to affect: 46%)
The orc priest resists with some effort.
The orc priest calls down the wrath of Beogh upon you.
Beogh smites you! The orc wizard completely misses you.
The orc priest mumbles some strange prayers to Beogh against you.
The orc wizard writhes in agony!
There is a stone staircase leading up here.
The orc wizard points at you and mumbles some strange words.
The magic dart hits you!
The orc priest begins to cast a cantrip, but forgets the words!
You block the orc's attack. The orc wizard closely misses you.
You climb upwards.
There is a stone staircase leading down here.
You hit the orc wizard but do no damage.
The orc wizard is almost dead.
You hit the orc wizard.
The orc wizard is almost dead.
The orc wizard completely misses you. The orc hits you with a +0 falchion!
* * * LOW HITPOINT WARNING * * *
You hit the orc wizard but do no damage.
The orc wizard is almost dead.
The orc wizard hits you with a +0 dagger.
* * * LOW HITPOINT WARNING * * *
The orc hits you with a +0 falchion.
You die...

#..................#
#.######...........#
#.#.......#.##.....#
#.#.#.....#.##.....#
#.#.#.###.#.#####.######
#.#.......#.# #.........
#.###)#####.# #.#.......
#...<[.o....###.........
#...###@o....###########
#.......................
####'##..###....#[......
#....#.................
#....#.#######.........
#....#.# ##........
#....#.########........
###.#..................
#(#..................


You could see an orc wizard (invisible) and an orc.

Vanquished Creatures
  The ghost of DEADISDEAD the Ducker, an amateur DrWn (D:4)
  A necrophage (D:4)
  A water moccasin zombie (D:4)
  A wight (D:4)
  A human zombie (D:4)
  A centaur zombie (D:4)
  A hound (D:4)
  An orc priest (D:5)
  A bullfrog skeleton (D:4)
  A scorpion zombie (D:4)
  Terence (D:3)
  An iguana (D:4)
  A hound zombie (D:4)
  3 mummies (D:4)
  6 adders
  3 adder zombies (D:4)
  A worm (D:2)
  A dart slug (D:4)
  5 orcs
  A bat (D:2)
  8 endoplasms
  7 giant cockroaches
  6 hobgoblins
  7 jackals
  2 quokkas
  4 ball pythons
  3 frilled lizards
  3 goblins
  4 kobolds
  A quokka zombie (D:4)
  9 rats
87 creatures vanquished.

Notes
Turn   | Place    | Note
-------+----------+-------------------------------------------
     0 | D:1      | koil the Spriggan Enchanter began the quest for the Orb.
     0 | D:1      | Reached XP level 1. HP: 9/9 MP: 5/5
   347 | D:1      | Reached XP level 2. HP: 13/13 MP: 6/6
   350 | D:1      | Learned a level 2 spell: Ensorcelled Hibernation
   722 | D:2      | Reached XP level 3. HP: 15/17 MP: 8/8
   848 | D:2      | Reached skill level 5 in Stealth
   902 | D:2      | Learned a level 3 spell: Confusing Touch
  1188 | D:2      | Reached XP level 4. HP: 21/21 MP: 10/10
  1412 | D:3      | Noticed Terence
  1418 | D:3      | Killed Terence
  1419 | D:3      | Reached skill level 1 in Fighting
  1421 | D:3      | Found a blossoming altar of Fedhas.
  1499 | D:3      | Found a shadowy altar of Dithmenos.
  1534 | D:3      | Became a worshipper of Dithmenos the Shadowed
  1614 | D:3      | Found an ornate altar of the Wu Jian Council.
  1765 | D:3      | Found a white marble altar of Elyvilon.
  2296 | D:4      | Reached XP level 5. HP: 22/25 MP: 8/11
  2339 | D:4      | Found a transporter.
  2342 | D:4      | Noticed DEADISDEAD's ghost (amateur DrWn)
  2344 | D:4      | Found a transporter.
  2886 | D:4      | Reached skill level 6 in Stealth
  2886 | D:4      | Reached XP level 6. HP: 26/30 MP: 7/13
  2954 | D:4      | Found a basalt altar of Yredelemnul.
  2998 | D:4      | Reached * piety under Dithmenos
  3524 | D:4      | Reached skill level 5 in Hexes
  3524 | D:4      | Reached XP level 7. HP: 34/35 MP: 6/14
  3530 | D:4      | Killed DEADISDEAD's ghost
  3545 | D:4      | Reached skill level 5 in Dodging
  3646 | D:5      | Entered Level 5 of the Dungeon
  3655 | D:5      | Found a staircase to the Ecumenical Temple.
  3752 | D:4      | Slain by an orc

Illustrated notes

Levels and vault maps discovered:
D:1:      evilmike_arrival_crescent, layout_basic
D:2:      layout_rooms, minmay_ruptured
D:3:      layout_basic, fedhas_altar_1, nicolae_elyvilon_temple_path,
          grunt_dithmenos_smoke_and_mirrors, mainiacjoe_overflow_24_doors,
          uniq_terence
D:4:      minmay_door_path, layout_basic, lemuel_mausoleum_altar_yredelemnul,
          gammafunk_ghost_mausoleum
D:5:      layout_rooms, nicolae_ru_the_path_less_chosen,
          grunt_temple_overflow_open, tgw_xom, minmay_temple_entry_crystal_x,
          nrook_loot_triangle, uniq_blork_the_orc

Skill      XL: |  1  2  3  4  5  6  7 |
---------------+----------------------+-----
Spellcasting   | 3 4 |  4.7
Dodging        | 3 4 5 |  5.0
Stealth        | 5 6 |  6.9
Hexes          | 4 5 |  5.2
Fighting       | 1 2 |  2.3
Short Blades   | 2 3 |  3.7

Action                   |  1- 3 |  4- 6 |  7- 9 || total
-------------------------+-------+-------+-------++-------
Melee: Dagger            |   128 |   206 |    18 ||   352
       Punch             |       |     1 |     1 ||     2
 Cast: Ensorcelled Hiber |     8 |     7 |     5 ||    20
       Confusing Touch   |       |    12 |     1 ||    13
 Stab: Sleeping          |    18 |    17 |     1 ||    36
       Confused          |       |    14 |     1 ||    15
Armor: Robe              |    13 |     9 |       ||    22
Dodge: Dodged            |   127 |   119 |    20 ||   266
Block: Other             |       |     8 |    10 ||    18

Table legend: (Time is in decaauts)
 A = Elapsed time spent in this place.
 B = Non-inter-level travel time spent in this place.
 C = Inter-level travel time spent in this place.
 D = Time resting spent in this place.
 E = Time spent auto-exploring this place.
 F = Levels seen in this place.
 G = Mean time per level.
                   A        B        C        D        E       F      G
               +--------+--------+--------+--------+--------+-----+--------+
         Total |   2708 |   2601 |    107 |    275 |   1562 |   5 |  541.6 |
       Dungeon |   2708 |   2601 |    107 |    275 |   1562 |   5 |  541.6 |
               +--------+--------+--------+--------+--------+-----+--------+

Top non-repeatable levels by time:
     D:4: 1212 daAuts
     D:2: 616 daAuts
     D:3: 473 daAuts
     D:1: 368 daAuts
     D:5: 36 daAuts
